 Dungeon Crawl Stone Soup version 0.20.1-1-g8b1a95d (webtiles) character file.

210 saplok the Chopper (level 5, 0/47 HPs)
             Began as a Hill Orc Monk on July 30, 2017.
             Succumbed to a scorpion's poison
             ... on level 3 of the Dungeon.
             The game lasted 00:08:51 (3023 turns).

saplok the Chopper (Hill Orc Monk)                  Turns: 3023, Time: 00:08:52

Health: 0/47       AC:  5    Str: 15    XL:     5   Next: 87%
Magic:  5/5        EV: 11    Int: 10    God:
Gold:   113        SH:  5    Dex: 13    Spells: 4/4 levels left

rFire    . . .     SeeInvis .   a - +0 hand axe
rCold    . . .     Gourm    .   (no shield)
rNeg     . . .     Faith    .   l - +0 ring mail
rPois    .         Spirit   .   (no helmet)
rElec    .         Reflect  +   (no cloak)
rCorr    .         Harm     .   (no gloves)
MR       .....                  (no boots)
Stlth    +.........             h - +5 amulet of reflection
Regen    0.2/turn               (no ring)
MPRegen  0.1/turn               (no ring)

@: lethally poisoned (0 -> -5)
A: no striking features
a: no special abilities


You were on level 3 of the Dungeon.
You were very hungry.

You visited 1 branch of the dungeon, and saw 4 of its levels.

You collected 113 gold pieces.

Inventory:

Hand Weapons
 a - a +0 hand axe (weapon)
 i - a +0 battleaxe
Armour
 b - a +0 robe
 l - a +0 ring mail (worn)
Jewellery
 h - a +5 amulet of reflection (around neck)
 s - a cursed ring of stealth
Scrolls
 f - 2 scrolls of teleportation
 g - a scroll of enchant armour {unknown}
 k - a scroll of blinking
 o - 2 scrolls of remove curse {unknown}
 p - 2 scrolls of fear {unknown}
 q - a scroll of amnesia {unknown}
Potions
 d - a potion of heal wounds {unknown}
 e - 2 potions of might {unknown}
 n - a potion of mutation {unknown}
Comestibles
 c - 3 bread rations
 m - a royal jelly


   Skills:
 + Level 4.7 Fighting
 + Level 6.3 Axes
 * Level 3.0 Armour
 - Level 2.6 Dodging
 + Level 1.6 Stealth


You had 4 spell levels left.
You didn't know any spells.

Dungeon Overview and Level Annotations

Branches:
Dungeon (4/15)
 Temple: D:4-7

Altars:
Xom


Message History

You are feeling very hungry.
The scorpion closely misses you.
You hit the scorpion.
The scorpion is almost dead.
The scorpion stings you.
* * * LOW HITPOINT WARNING * * *
You are poisoned.
The scorpion poisons you!
You closely miss the scorpion.
The scorpion is almost dead.
* * * LOW HITPOINT WARNING * * *
You feel sick. You block the scorpion's attack.
You hit the scorpion.
The scorpion is almost dead.
* * * LOW HITPOINT WARNING * * *
You feel sick. The scorpion stings you.
* * * LOW HITPOINT WARNING * * *
You closely miss the scorpion.
The scorpion is almost dead.
You die...

...........##.......#
...##########.#####.#
#############.# #.#.#
..............# #...#
#########....## #.###
..# #.....###.# #.###
#.........#
#...#####....###########
.....)..........@......#
#.#......####.##s#####.#
#'######### #.##.....#.#
..........# #.######.#.#
...#......###.######.#.#
...#......#..........#.#
...#......#.#.########.#
...#....#...#.# #.#
####....#..##.# #.#


You could see a scorpion.

Vanquished Creatures
  Natasha (thrice) (D:3)
  8 adders
  An ooze (D:2)
  2 dart slugs
  A leopard gecko (D:2)
  An orc (D:3)
  4 bats
  3 giant cockroaches
  7 goblins
  6 hobgoblins
  3 jackals (D:1)
  8 kobolds
  3 quokkas (D:2)
  3 frilled lizards (D:1)
  3 rats
56 creatures vanquished.

Notes
Turn   | Place    | Note
-------+----------+-------------------------------------------
     0 | D:1      | saplok the Hill Orc Monk began the quest for the Orb.
     0 | D:1      | Reached XP level 1. HP: 19/19 MP: 1/1
   224 | D:1      | Reached XP level 2. HP: 25/27 MP: 2/2
   787 | D:1      | Found a shimmering altar of Xom.
   789 | D:1      | Found an ancient bone altar of Kikubaaqudgha.
   789 | D:1      | Found a shimmering altar of Xom.
   791 | D:1      | Found a shimmering altar of Xom.
   791 | D:1      | Found a sacrificial altar of Ru.
   791 | D:1      | Found a radiant altar of Vehumet.
   921 | D:1      | Reached XP level 3. HP: 30/33 MP: 3/3
   948 | D:2      | Reached skill level 5 in Axes
  1335 | D:2      | Reached skill level 1 in Armour
  1335 | D:2      | Reached XP level 4. HP: 33/41 MP: 4/4
  2068 | D:3      | Reached XP level 5. HP: 42/47 MP: 5/5
  2181 | D:3      | You fall through a shaft!
  2316 | D:3      | Noticed Natasha
  2328 | D:3      | Killed Natasha
  2596 | D:3      | Noticed Natasha
  2606 | D:3      | Killed Natasha
  2606 | D:3      | Reached skill level 6 in Axes
  2770 | D:3      | Noticed Natasha
  2788 | D:3      | Killed Natasha
  2912 | D:4      | Noticed an ogre
  3022 | D:3      | HP: 1/47 [scorpion (5)]
  3023 | D:3      | Succumbed to a scorpion's poison

Skill      XL: |  1  2  3  4  5 |
---------------+----------------+-----
Fighting       | 4 |  4.7
Axes           | 5 6 |  6.3
Armour         | 1 2 3 |  3.0
Dodging        | |  2.6
Stealth        | |  1.6

Action                   |  1- 3 |  4- 6 || total
-------------------------+-------+-------++-------
Melee: Hand axe          |   140 |   138 ||   278
  Use: Scroll            |       |     6 ||     6
       Potion            |       |     1 ||     1
 Stab: Sleeping          |       |     1 ||     1
  Eat: Chunk             |     2 |     4 ||     6
Armor: Robe              |     9 |       ||     9
       Ring mail         |    27 |    45 ||    72
Dodge: Dodged            |   103 |    61 ||   164
Block: Other             |       |    17 ||    17
       Reflection        |       |     1 ||     1
